 Dungeon Crawl Stone Soup version 0.19.5 (webtiles) character file.

88 IcySystem the Sneak (level 4, -1/21 HPs)
             Began as a Spriggan Enchanter on May 24, 2017.
             Slain by a river rat (4 damage)
             ... in a sewer.
             The game lasted 00:08:33 (2284 turns).

IcySystem the Sneak (Spriggan Enchanter)            Turns: 2284, Time: 00:08:33

Health: -1/21      AC:  3    Str:  4    XL:     4   Next: 30%
Magic:  20/20      EV: 18    Int: 17    God:
Gold:   120        SH:  0    Dex: 16    Spells: 2 memorised, 8 levels left

rFire  + . .     SeeInvis +     a - +1 dagger
rCold  . . .     Gourm    .     b - +1 robe
rNeg   . . .     Faith    .     (shield restricted)
rPois  .         Spirit   .     (helmet restricted)
rElec  .         Reflect  .     (no cloak)
rCorr  .         Harm     .     (gloves unavailable)
MR     .....                    (boots unavailable)
Stlth  +++.......               (no amulet)
                                m - ring of protection from fire (curse)
                                n - ring of magical power

@: very quick
A: unfitting armour, see invisible, herbivore 3, speed 3, slow metabolism 2
a: no special abilities


You were in a sewer.
You were hungry.

You visited 1 branch of the dungeon, and saw 3 of its levels.
You also visited: Sewer.

You collected 120 gold pieces.

Inventory:

Hand Weapons
 a - a +1 dagger (weapon)
Armour
 b - a +1 robe (worn)
Jewellery
 l - an uncursed ring of protection from fire
 m - a cursed ring of protection from fire (right hand)
 n - a ring of magical power (left hand)
 p - an uncursed ring of protection from cold
Scrolls
 g - 6 scrolls of identify {unknown}
 h - 3 scrolls of fog {unknown}
 q - 3 scrolls of immolation {unknown}
 r - 2 scrolls of remove curse {unknown}
 s - a scroll of enchant weapon {unknown}
Potions
 j - 3 potions of curing
 o - 3 potions of brilliance {unknown}
 u - a potion of mutation {unknown}
Books
 c - a book of Maledictions

   Spells                             Type                      Level
   a - Corona                         Hexes                        1
   b - Ensorcelled Hibernation        Hexes/Ice                    2
   c - Confuse                        Hexes                        3
   d - Tukima's Dance                 Hexes                        3
   e - Dazzling Spray                 Conjuration/Hexes            3
Comestibles
 d - a bread ration
 i - 3 fruits
 t - a slice of pizza


   Skills:
 - Level 1.1 Short Blades
 - Level 3.0 Dodging
 + Level 6.2 Stealth
 + Level 4.0 Spellcasting
 + Level 4.2 Hexes


You had 8 spell levels left.
You knew the following spells:

 Your Spells              Type           Power        Failure   Level  Hunger
a - Corona                Hex            ###....      2%          1    None
b - Ensorcelled Hibernat  Hex/Ice        ##....       12%         2    ##.....


Dungeon Overview and Level Annotations

Branches:
Dungeon (3/15)

Altars:


Innate Abilities, Weirdness & Mutations

You are very small and have problems with some larger weapons.
You are too small for most types of armour.
You have supernaturally acute eyesight. (SInv)
You are a herbivore.
You cover ground extremely quickly.
You need consume almost no food.


Message History

You are too injured to fight recklessly!
You are too injured to fight recklessly!
You are too injured to fight recklessly!
You barely miss the river rat.
The river rat is moderately wounded.
The river rat barely misses you.
You hit the river rat.
The river rat is heavily wounded.
The river rat completely misses you.
You hit the river rat but do no damage.
The river rat is heavily wounded.
The river rat bites you.
* * * LOW HITPOINT WARNING * * *
You closely miss the river rat.
The river rat is heavily wounded.
The river rat bites you but does no damage.
You hit the river rat but do no damage.
The river rat is heavily wounded.
The river rat bites you.
You die... ################# #...r@.∩†.†...≈≈≈ #################

You could see a river rat.

Vanquished Creatures
  2 adders (D:3)
  2 river rats (Sewer)
  2 worms (D:2)
  A dart slug (D:1)
  3 leopard geckos
  5 bats
  2 giant cockroaches
  5 hobgoblins
  2 jackals (D:2)
  4 frilled lizards
  5 goblins
  2 kobolds
  8 rats
43 creatures vanquished.

Notes
Turn   | Place    | Note
-------+----------+-------------------------------------------
     0 | D:1      | IcySystem the Spriggan Enchanter began the quest for the Orb.
     0 | D:1      | Reached XP level 1. HP: 9/9 MP: 5/5
   276 | D:1      | Reached skill level 5 in Stealth
   276 | D:1      | Reached XP level 2. HP: 4/13 MP: 7/7
   540 | D:1      | Learned a level 2 spell: Ensorcelled Hibernation
  1067 | D:2      | Reached XP level 3. HP: 16/16 MP: 8/8
  2123 | D:3      | Reached skill level 6 in Stealth
  2126 | D:3      | Reached XP level 4. HP: 21/21 MP: 10/10
  2133 | D:3      | Found a glowing drain.
  2142 | Sewer    | Entered a sewer
  2277 | Sewer    | HP: 1/21 [river rat (6)]
  2284 | Sewer    | Slain by a river rat

Skill      XL: |  1  2  3  4 |
---------------+-------------+-----
Spellcasting   | 3 4 |  4.0
Stealth        | 5 6 |  6.2
Hexes          | 4 |  4.2
Short Blades   | |  1.1
Dodging        | |  3.0

Action                   |  1- 3 |  4- 6 || total
-------------------------+-------+-------++-------
Melee: Dagger            |   136 |    45 ||   181
 Cast: Ensorcelled Hiber |    19 |     5 ||    24
  Use: Scroll            |     3 |       ||     3
       Potion            |       |     1 ||     1
 Stab: Sleeping          |    17 |     3 ||    20
Armor: Robe              |    20 |     3 ||    23
Dodge: Dodged            |   131 |    36 ||   167
